 Dungeon Crawl Stone Soup version 0.30.1-11-g7821555f0a (webtiles) character file.

Game seed: 151686589160955844

147 fireball365 the Covered (level 5, -8/46 HPs)
             Began as a Hill Orc Fighter on Nov 19, 2023.
             Killed from afar by an electric eel (12 damage)
             ... with a bolt of electricity
             ... on level 4 of the Dungeon.
             The game lasted 00:05:52 (3108 turns).

fireball365 the Covered (Hill Orc Fighter)          Turns: 3108, Time: 00:05:52

Health: -8/46      AC:  9    Str: 21    XL:     5   Next: 29%
Magic:  5/5        EV:  9    Int:  8    God:
Gold:   18         SH:  5    Dex: 16    Spells: 4/4 levels left

rFire   x . .        a - +0 war axe
rCold   + . .        c - +0 buckler
rNeg    . . .        b - +0 scale mail
rPois   .            j - +0 helmet
rElec   .            (no cloak)
rCorr   .            t - +0 pair of gloves
SInv    .            (no boots)
Will    .....        (no amulet) Stlth
                     i - +6 ring of dexterity
HPRegen 0.27/turn    m - ring of ice
MPRegen 0.09/turn

%: no passive effects
@: no status effects
A: no striking features
a: no special abilities


You were on level 4 of the Dungeon.
You visited 1 branch of the dungeon, and saw 4 of its levels.

You collected 168 gold pieces.
You spent 150 gold pieces at shops.

Inventory:

Hand Weapons
 a - a +0 war axe (weapon)
 r - a +0 bardiche
Armour
 b - a +0 scale mail (worn)
 c - a +0 buckler (worn)
 j - a +0 helmet (worn)
 t - a +0 pair of gloves (worn)
Jewellery
 i - a +6 ring of dexterity (left hand)
 m - a ring of ice (right hand)
Wands
 u - a wand of quicksilver (8)
 w - a wand of flame (6)
Scrolls
 e - a scroll of torment {unknown}
 n - a scroll of vulnerability
 o - a scroll of identify
 q - a scroll of magic mapping
 s - a scroll of noise {unknown}
 v - a scroll of amnesia {unknown}
Potions
 d - a potion of might
 f - a potion of magic {unknown}
 g - 3 potions of curing
 h - a potion of brilliance
 k - 3 potions of haste
 l - 3 potions of heal wounds
 p - a potion of degeneration {unknown}


   Skills:
 + Level 4.2 Fighting
 + Level 4.5 Axes
 + Level 4.5 Armour
 + Level 0.5 Dodging
 + Level 0.1 Stealth
 + Level 3.8 Shields


You had 4 spell levels left.
You didn't know any spells.
Your spell library contained the following spells:

 Spells                   Type           Power      Damage    Failure   Level
 Freeze                   Ice            0%         1d3       80%         1
 Frozen Ramparts          Ice            0%         1d1       99%         3
 Hailstorm                Conj/Ice       0%         3d3       99%         3
 Tukima's Dance           Hex            0%         N/A       99%         3
 Passage of Golubria      Tloc           0%         N/A       100%        4
 Yara's Violent Unravell  Hex/Tmut       0%         3d3       100%        5


Dungeon Overview and Level Annotations

Branches:
Dungeon (4/15)
 Temple: D:4-7

Altars:
Dithmenos

Shops:
D:3 !

Annotations:
D:4 1 transporter


Message History

There is an open door here.
The electric eel shoots out a bolt of lightning at you!
The bolt of electricity hits you!
You miss the electric eel.
The electric eel shoots out a bolt of lightning at you!
The bolt of electricity hits you!
The bolt of electricity hits the electric eel.
The electric eel completely resists.
The electric eel shoots out a bolt of lightning at you!
The bolt of electricity hits you!
* * * LOW HITPOINT WARNING * * *
You slash the electric eel!
The electric eel is heavily wounded.
A nearby plant withers and dies.
The electric eel shoots out a bolt of lightning at you!
The bolt of electricity misses you.
The bolt of electricity hits the electric eel.
The electric eel completely resists.
The electric eel shoots out a bolt of lightning at you!
The bolt of electricity hits you!
* * * LOW HITPOINT WARNING * * *
The electric eel shoots out a bolt of lightning at you!
The bolt of electricity hits you.
* * * LOW HITPOINT WARNING * * *
The bolt of electricity misses the electric eel.
You feel much better.
You closely miss the electric eel.
The electric eel is heavily wounded.
The electric eel shoots out a bolt of lightning at you!
The bolt of electricity hits you!
You barely miss the electric eel.
The electric eel is heavily wounded.
The electric eel shoots out a bolt of lightning at you!
The bolt of electricity hits you!
* * * LOW HITPOINT WARNING * * *
The bolt of electricity hits the electric eel.
The electric eel completely resists.
The electric eel shoots out a bolt of lightning at you!
The bolt of electricity hits you!
You die...

#.# ##.## #.# ####...####
#.# #....©....# #.#
#.#######.####### #.#
#.#8.©.8#.......# #.#
###.#P...~#.#####.# #.#
#...###'###.#####.#####.#
....#~..@S#.#............
#...#S...~#.#.###.#####†#
.#..#~...~#.#.###.# ##...
#..#~.♣.~#.......# #....
#..#~...~#.#.##### ##...
....#~...~#....## ##.#
.##.#~...~#)....# #.#
#.###+###....## #.#
#.#P.).P#.#.## ##'#


You could see 2 electric eels.

Vanquished Creatures
  A gnoll (D:1)
  3 adders
  A white imp (D:3)
  2 worms (D:3)
  5 dart slugs
  4 orcs (D:3)
  5 ball pythons
  5 bats
  8 endoplasms
  3 giant cockroaches
  8 goblins
  8 hobgoblins
  3 jackals (D:1)
  3 quokkas
  3 frilled lizards
  8 kobolds
  9 rats
79 creatures vanquished.

Notes
Turn   | Place    | Note
-------+----------+-------------------------------------------
     0 | D:1      | fireball365 the Hill Orc Fighter began the quest for the
                  | Orb.
     0 | D:1      | Reached XP level 1. HP: 19/19 MP: 1/1
   110 | D:1      | Reached XP level 2. HP: 27/27 MP: 2/2
   216 | D:1      | Reached XP level 3. HP: 22/33 MP: 3/3
  1013 | D:2      | Reached XP level 4. HP: 40/40 MP: 4/4
  1058 | D:2      | Found a faded altar of an unknown god.
  1542 | D:2      | Found a shadowy altar of Dithmenos.
  1876 | D:3      | Found Kuecorego's Distillery.
  2447 | D:3      | Reached XP level 5. HP: 45/46 MP: 5/5
  2864 | D:3      | Bought 2 potions of heal wounds for 100 gold pieces
  2864 | D:3      | Bought a potion of heal wounds for 50 gold pieces
  3044 | D:4      | Found a transporter.
  3087 | D:4      | Found a transporter.
  3108 | D:4      | Killed from afar by an electric eel

Illustrated notes

Levels and vault maps discovered:
D:1:      dpeg_arrival_rooms_with_view, layout_loops_ring, minmay_hexomino_u4
D:2:      layout_basic, basic_altar, chequers_ecumenical_altar_simple,
          wad_floor_pattern_untrapped
D:3:      layout_loops_ring, serial_shops, nicolae_lakefront_shop,
          minmay_circle_x
D:4:      gammafunk_steamed_eel, layout_loops_corners,
          mainiacjoe_overflow_24_doors, uniq_ijyb, uniq_eustachio,
          uniq_crazy_yiuf_cottage, uniq_edmund

Skill      XL: |  1  2  3  4 |
---------------+-------------+-----
Armour         | 4 |  4.5
Axes           | 3 4 |  4.5
Fighting       | 4 |  4.2
Dodging        | |  0.5
Stealth        | |  0.1
Shields        | |  3.8

Action                     |  1- 3 |  4- 6 || total
---------------------------+-------+-------++-------
  Melee: War axe           |    90 |   122 ||   212
    Use: Scroll            |     2 |     3 ||     5
         Potion            |       |     1 ||     1
 Armour: Scale mail        |    61 |    82 ||   143
  Dodge: Dodged            |    75 |    67 ||   142
  Block: Buckler           |    32 |    31 ||    63
